AoeStats
← UPHARSIN

Arabia

509977658Analyzed
1v1 RM · 4d ago on Sep 28, 2026· 23m 26s· 2 players
Game mode
Random Map
Map size
Tiny (2 player)
Population
200
Speed
Normal
Resources
Standard
Victory
Conquest
Starting age
Dark Age
Ending age
Imperial Age
RankedLock teamsTeams togetherTeam positionsShared explorationLock speedFull tech treeHidden civsTurbo modeCheats
Victory
Defeat
🇩🇪 Japanese · Germany
1351
+17
🇨🇦 Bulgarians · Canada
1371
-17
Secret_jed
6:56 Loom
9:16 Feudal Age
9:24 Man-at-Arms
14:26 Fletching
20:45 Castle Age
18:53 Gold Mining
19:26 Padded Archer Armor
19:52 Double-Bit Axe
21:34 Bodkin Arrow
22:36 Husbandry
22:47 Bloodlines
UPHARSIN
6:15 Loom
8:57 Feudal Age
9:27 Double-Bit Axe
13:06 Horse Collar
17:32 Fletching
22:38 Castle Age
21:14 Scale Barding Armor
21:19 Forging
22:14 Bloodlines
22:26 Gold Mining
23:47 Chain Barding Armor
Connection lost

Rejoining the realm…

Still unreachable

The connection could not be restored.

Session expired

The server has moved on; the page needs a fresh start.